 Dungeon Crawl Stone Soup version 0.26.0-16-gc1dbca0489 (webtiles) character file.

Game seed: 9130936510545866344

108 Destapler the Conjurer (level 5, -4/36 HPs)
             Began as a Human Conjurer on Jan 17, 2021.
             Slain by Sigmund
             ... wielding a +2 vampiric scythe
              (14 damage)
             ... on level 3 of the Dungeon.
             The game lasted 00:05:27 (2769 turns).

Destapler the Conjurer (Human Conjurer)             Turns: 2769, Time: 00:05:27

Health: -4/36      AC:  2    Str:  7    XL:     5   Next: 12%
Magic:  0/9        EV: 13    Int: 19    God:
Gold:   136        SH:  0    Dex: 12    Spells: 8/9 levels left

rFire    . . .     SeeInvis .   h - +0 dagger
rCold    . . .     Faith    .   (no shield)
rNeg     . . .     Spirit   .   a - +0 robe
rPois    .         Reflect  .   (no helmet)
rElec    .         Harm     .   (no cloak)
rCorr    .         Rampage  .   (no gloves)
Will     .....                  (no boots)
Stlth    ++........             (no amulet)
HPRegen  0.12/turn              (no ring)
MPRegen  0.11/turn              (no ring)

@: no status effects
A: no striking features
a: no special abilities


You were on level 3 of the Dungeon.
You visited 1 branch of the dungeon, and saw 3 of its levels.

You collected 136 gold pieces.

Inventory:

Hand Weapons
 h - a +0 dagger (weapon)
Armour
 a - a +0 robe (worn)
Magical Staves
 p - an uncursed staff of poison
Scrolls
 c - 5 scrolls of identify {unknown}
 e - a scroll of noise {unknown}
 f - 2 scrolls of remove curse {unknown}
 i - a scroll of random uselessness {unknown}
 j - 2 scrolls of fear {unknown}
 m - a scroll of magic mapping {unknown}
 n - 2 scrolls of teleportation {unknown}
Potions
 b - a potion of haste {unknown}
 d - a potion of flight {unknown}
 g - 2 potions of curing {unknown}
 k - a potion of brilliance {unknown}
 l - a potion of cancellation {unknown}
 o - a potion of might {unknown}


   Skills:
 + Level 0.6 Fighting
 + Level 2.9 Dodging
 + Level 3.0 Stealth
 + Level 2.6 Spellcasting
 + Level 4.5 Conjurations
 + Level 0.4 Evocations


You had 8 spell levels left.
You knew the following spells:

 Your Spells              Type           Power        Failure   Level
a - Magic Dart            Conj           76%          2%          1

Your spell library contained the following spells:

 Spells                   Type           Power        Failure   Level
 Searing Ray              Conj           38%          3%          2
 Dazzling Flash           Conj/Hex       22%          19%         3
 Fulminant Prism          Conj/Hex       5%           52%         4
 Iskenderun's Mystic Bla  Conj/Tloc      11%          52%         4


Dungeon Overview and Level Annotations

Branches:
Dungeon (3/15)

Altars:
Elyvilon
Xom

Annotations:
D:3 Sigmund


Message History

Sigmund is severely wounded.
You hit Sigmund.
Sigmund is severely wounded.
Sigmund barely misses you.
You hit Sigmund but do no damage.
Sigmund is severely wounded.
Sigmund hits you with a +2 vampiric scythe!
* * * LOW HITPOINT WARNING * * *
You hit Sigmund but do no damage.
Sigmund is severely wounded.
You closely miss Sigmund.
Sigmund is severely wounded.
Sigmund says, "Don't worry, I'll kill you fast."
Sigmund casts a spell at himself.
Sigmund flickers and vanishes!
Deactivating autopickup; reactivate with Ctrl-A.
You hit something but do no damage. Something hits you.
* * * LOW HITPOINT WARNING * * *
You barely miss something. Something hits you!
You die...

## #### #.. ..# #.#
#.# #
#.####.##.####.
#####.##...@{.!....
#. ...##.#.##.#.#..
#.###.##.#.# #
#.#........#
#.....######
#.....# #.....#
#.....# #.>...#


There were no monsters in sight!

Vanquished Creatures
  Jessica (D:3)
  2 adders
  A worm (D:2)
  2 dart slugs (D:2)
  3 leopard geckos
  An orc (D:3)
  A ball python (D:2)
  3 bats (D:1)
  4 giant cockroaches
  7 goblins
  6 hobgoblins
  A quokka (D:2)
  5 frilled lizards
  9 kobolds
  7 rats
53 creatures vanquished.

Vanquished Creatures (others)
  4 toadstools (D:1)
4 creatures vanquished.

Grand Total: 57 creatures vanquished

Notes
Turn   | Place    | Note
-------+----------+-------------------------------------------
     0 | D:1      | Destapler the Human Conjurer began the quest for the Orb.
     0 | D:1      | Reached XP level 1. HP: 13/13 MP: 3/3
    57 | D:1      | Found a shimmering altar of Xom.
   261 | D:1      | Reached XP level 2. HP: 19/19 MP: 1/5
   988 | D:2      | Reached XP level 3. HP: 19/24 MP: 3/6
  1428 | D:2      | Found a white marble altar of Elyvilon.
  1573 | D:2      | Reached XP level 4. HP: 30/30 MP: 5/7
  2610 | D:3      | Noticed Jessica
  2613 | D:3      | Killed Jessica
  2614 | D:3      | Reached XP level 5. HP: 36/36 MP: 4/9
  2741 | D:3      | Noticed Sigmund
  2769 | D:3      | Slain by Sigmund

Illustrated notes

Levels and vault maps discovered:
D:1:      ldierk_walled_garden_2, layout_loops_ring,
          wad_floor_pattern_untrapped, xom_teletrap_fun
D:2:      layout_basic, old_standard_altar, fountainhead, grunt_decor_arrowhead,
          minmay_heptomino_l4
D:3:      layout_loops_cross, uniq_sigmund, uniq_jessica

Skill      XL: |  1  2  3  4 |
---------------+-------------+-----
Stealth        | 3 |  3.0
Fighting       | |  0.6
Dodging        | |  2.9
Spellcasting   | |  2.6
Conjurations   | |  4.5
Evocations     | |  0.4

Action                   |  1- 3 |  4- 6 || total
-------------------------+-------+-------++-------
Melee: Dagger            |    21 |    20 ||    41
       Staff             |       |     2 ||     2
 Cast: Magic Dart        |    55 |    46 ||   101
 Stab: Sleeping          |     5 |     1 ||     6
Armor: Robe              |     3 |     2 ||     5
Dodge: Dodged            |    19 |    14 ||    33
